 Seeded DCSS version 0.27-a0-705-ga001394 (webtiles) character file.

Game seed: 8064779569295926423 (custom seed)

10033 Illumine the Black Sun (level 11, -5/96 HPs)
             Began as a Deep Dwarf Wanderer on Mar 22, 2021.
             Was a High Priest of Kikubaaqudgha.
             Slain by a cyclops (20 damage)
             ... on level 12 of the Dungeon.
             The game lasted 01:11:15 (21786 turns).

Illumine the Black Sun (Deep Dwarf Wanderer)       Turns: 21786, Time: 01:11:16

Health: -5/96      AC:  7    Str: 19    XL:     11   Next: 30%
Magic:  2/13       EV: 12    Int: 16    God:    Kikubaaqudgha [*****.]
Gold:   839        SH:  5    Dex:  9    Spells: 2/24 levels left

rFire    + . .     SeeInvis .   j - staff of death
rCold    . . .     Faith    .   (no shield)
rNeg     + . .     Spirit   .   d - +0 robe
rPois    +         Reflect  +   l - +2 hat
rElec    .         Harm     .   C - +1 cloak {rPois}
rCorr    .         Rampage  .   (no gloves)
Will     +....                  r - +0 pair of boots
Stlth    +.........             x - amulet of reflection
HPRegen  0.00/turn              u - ring of protection from fire
MPRegen  0.13/turn              (no ring)

@: non-regenerating
A: damage resistance, heal wounds, sense surroundings 2, no regeneration
a: Heal Wounds, Renounce Religion, Receive Corpses, Torment


You were on level 12 of the Dungeon.
You worshipped Kikubaaqudgha.
Kikubaaqudgha was extremely pleased with you.
You visited 1 branch of the dungeon, and saw 12 of its levels.

You collected 878 gold pieces.
You spent 39 gold pieces at shops.

Inventory:

Hand Weapons
 B - the +9 dagger of the Briny Deep {freeze, rN+}
   (You found it on level 9 of the Dungeon)

   It has been specially enchanted to freeze those struck by it, causing extra
   injury to most foes and up to half again as much damage against particularly
   susceptible opponents.
   It can also slow down cold-blooded creatures.
   It protects you from negative energy.
 F - the +5 shortbow "Dofeahaf" {vorpal, +Inv rPois}
   (You found it on level 4 of the Dungeon)

   Any arrow fired from it inflicts extra damage.
   It protects you from poison.
   It lets you turn invisible.
 L - a +1 whip of electrocution
Armour
 d - a +0 robe (worn)
 e - the +0 leather armour "Omar" {rElec rCorr Int-2 Stlth+}
   (You found it on level 5 of the Dungeon)

   It affects your intelligence (-2).
   It insulates you from electricity.
   It provides partial protection from all sources of acid and corrosion.
   It makes you more stealthy.
 l - a +2 hat (worn)
 m - a scarf of shadows
 n - the +7 plate armour of the Planets {rC+ Stlth+}
   (You found it on level 7 of the Dungeon)

   It protects you from cold.
   It makes you more stealthy.
 r - a +0 pair of boots (worn)
 C - a +1 cloak of poison resistance (worn)
 I - a +0 ring mail of poison resistance
 N - +0 ice dragon scales
Magical Staves
 j - a staff of death (weapon)
Jewellery
 k - a ring of flight
 u - a ring of protection from fire (right hand)
 x - an amulet of reflection (around neck)
 y - an amulet of faith
 E - an amulet of magic regeneration
Wands
 a - a wand of random effects (13)
 b - a wand of acid (5)
 w - a wand of paralysis (11)
 K - a wand of charming (2)
Scrolls
 f - a scroll of immolation {unknown}
 g - 2 scrolls of torment
 o - 3 scrolls of magic mapping
 p - a scroll of vulnerability
 q - a scroll of amnesia
 t - 6 scrolls of enchant armour
 v - a scroll of acquirement {unknown}
 z - a scroll of fog {unknown}
 D - 2 scrolls of silence {unknown}
 G - a scroll of brand weapon {unknown}
 J - 3 scrolls of identify
 M - 3 scrolls of fear
 Q - a scroll of blinking
Potions
 c - 6 potions of curing
 h - 3 potions of brilliance
 i - 3 potions of haste
 s - a potion of resistance
 A - a potion of might
 H - a potion of berserk rage {unknown}
 O - 2 potions of heal wounds
 P - a potion of lignification {unknown}


   Skills:
 + Level 5.3 Fighting
 - Level 3.8(5.0) Maces & Flails
 - Level 4.4(5.0) Staves
 + Level 5.2 Armour
 + Level 3.4 Dodging
 - Level 1.2 Stealth
 - Level 3.0 Shields
 - Level 1.7 Unarmed Combat
 + Level 7.2 Spellcasting
 - Level 1.2 Conjurations
 - Level 3.2 Summonings
 + Level 9.0 Necromancy
 - Level 1.0 Air Magic
 + Level 7.5 Earth Magic
 - Level 1.1 Poison Magic
 - Level 5.3 Evocations


You had 2 spell levels left.
You knew the following spells:

 Your Spells              Type           Power      Damage    Failure   Level
a - Magic Dart            Conj           36%        1d4       8%          1
b - Blink                 Tloc           N/A        N/A       19%         2
c - Call Imp              Summ           16%        N/A       4%          2
d - Pain                  Necr           100%       1d9       1%          1
e - Vampiric Draining     Necr           25%        2d9       1%          3
f - Borgnjor's Vile Clut  Necr/Erth      24%        N/A       11%         5
g - Corpse Rot            Necr/Air       N/A        N/A       2%          2
h - Dispel Undead         Necr           51%        3d19      3%          4
i - Sublimation of Blood  Necr           25%        N/A       1%          2

Your spell library contained the following spells:

 Spells                   Type           Power      Damage    Failure   Level
 Searing Ray              Conj           18%        3d3       11%         2
 Corona                   Hex            5%         N/A       12%         1
 Poisonous Vapours        Pois/Air       18%        N/A       12%         2
 Swiftness                Air            9%         N/A       12%         2
 Slow                     Hex            5%         N/A       19%         2
 Agony                    Necr           51%        N/A       9%          5
 Excruciating Wounds      Necr           25%        N/A       9%          5
 Mephitic Cloud           Conj/Pois/Air  9%         N/A       22%         3
 Leda's Liquefaction      Hex/Erth       8%         N/A       26%         4
 Conjure Flame            Conj/Fire      7%         6-21      28%         3
 Dazzling Flash           Conj/Hex       14%        N/A       28%         3
 Inner Flame              Hex/Fire       5%         N/A       36%         3
 Portal Projectile        Hex/Tloc       10%        N/A       36%         3
 Fulminant Prism          Conj/Hex       3%         3d6       67%         4
 Iskenderun's Mystic Bla  Conj/Tloc      7%         2d4       67%         4
 Cause Fear               Hex            2%         N/A       77%         4
 Simulacrum               Ice/Necr       15%        N/A       96%         6


Dungeon Overview and Level Annotations

Branches:
Dungeon (12/15)            Temple (0/1) D:6            Lair (0/6) D:11
    Orc (0/2) D:11

Altars:
Gozag
Kikubaaqudgha
Makhleb
Ru
Trog
Uskayaw
Zin
The Shining One
Beogh

Shops:
D:6 *   D:7 *


Innate Abilities, Weirdness & Mutations

You are resistant to damage.
You can heal yourself by infusing magical energy.
You passively map the area around you.
You do not regenerate.


Message History

Unknown command.
Casting: Vampiric Draining (safe; 1% risk of failure)
Confirm with . or Enter, or press ? or * to list all spells.
Aiming: Vampiric Draining (safe; 1% risk of failure)
Press: ? - help, Shift-Dir - straight line, f - cyclops
Aim: a cyclops, quivering large rocks (lightly wounded)
You feel a surge of power!
You draw life force from the cyclops!
You feel life coursing into your body. The cyclops hits you!!
* * * LOW HITPOINT WARNING * * *
Unknown command.
You hit the cyclops but do no damage.
The cyclops is moderately wounded.
You hit the cyclops but do no damage.
The cyclops writhes in agony.
The cyclops is moderately wounded.
The cyclops closely misses you.
You fail to use your ability.
You feel much better. The cyclops closely misses you.
You fail to use your ability.
The cyclops hits you!
* * * LOW HITPOINT WARNING * * *
You feel much better. The cyclops closely misses you.
You hit the cyclops but do no damage.
The cyclops writhes in agony!
The cyclops is heavily wounded.
You hit the cyclops but do no damage.
The cyclops writhes in agony!
The cyclops is severely wounded.
The cyclops hits you!!
* * * LOW HITPOINT WARNING * * *
Unknown command.
You feel much better. The cyclops hits you!!
* * * LOW HITPOINT WARNING * * *
Unknown command.
You hit the cyclops.
The cyclops is almost dead.
You hit the cyclops but do no damage.
The cyclops is almost dead.
You block the cyclops's attack.
You barely miss the cyclops.
The cyclops is almost dead.
The cyclops hits you!!
You die...
Kikubaaqudgha rasps: "You have failed me!
Welcome... death!"

* ##########
#.C....).# ,
#.######C# *
#)# #@# * #^#
#.# * #.####
#.# >, .....#
#(# * ,,
..##.# #(# *
* *####.###(#
#######.#...#
#....)..#.###
#.......#.#


You could see a cyclops.

Vanquished Creatures
  An unseen horror (D:12)
  2 ugly things (D:12)
  A cyclops (D:12)
  Maurice (D:11)
  2 trolls (D:11)
  2 slime creatures (D:12)
  A yak (D:11)
  Sigmund (D:3)
  Eustachio (D:6)
  4 wyverns
  Menkaure (D:4)
  A basilisk (D:11)
  A warg (D:11)
  Duvessa (D:5)
  2 water moccasins (D:11)
  5 ice beasts
  A black bear (D:7)
  2 necrophages
  4 ogres
  5 orc warriors
  3 sky beasts
  5 centaurs
  5 bullfrogs
  2 kobold brigands (D:5)
  Dowan (D:5)
  3 scorpions
  A water moccasin skeleton (D:7)
  9 killer bees
  5 wights (D:10)
  3 howler monkeys
  2 bullfrog zombies
  2 centaur zombies
  A quasit (D:10)
  5 hounds
  A jelly (D:6)
  10 orc priests
  A bullfrog skeleton (D:5)
  A centaur skeleton (D:8)
  3 iguanas
  18 orc wizards
  7 worker ants
  A worker ant zombie (D:7)
  13 adders
  7 gnolls
  3 white imps
  An ufetubus (D:7)
  2 adder skeletons
  An adder zombie (D:9)
  A worm (D:2)
  3 dart slugs
  59 orcs
  5 removed leopard geckos
  7 giant cockroaches
  11 goblins
  5 hobgoblins
  8 jackals
  8 quokkas
  2 ball pythons
  9 bats
  4 frilled lizards
  27 kobolds
  A quokka skeleton (D:4)
  5 rats
  A removed leopard gecko zombie (D:6)
311 creatures vanquished.

Vanquished Creatures (collateral kills)
  A lemure (D:5)
  2 scorpions
  An orc wizard (D:3)
  2 gnolls (D:6)
  3 adders (D:3)
  An adder skeleton (D:6)
  2 orcs
12 creatures vanquished.

Vanquished Creatures (others)
  Pikel (D:6)
  2 lemures (D:6)
  4 fungi (D:11)
  93 plants
100 creatures vanquished.

Grand Total: 423 creatures vanquished

Notes
Turn   | Place    | Note
-------+----------+-------------------------------------------
     0 | D:1      | Illumine the Deep Dwarf Wanderer began the quest for the
                  | Orb.
     0 | D:1      | Illumine set off with the following items: a +0 club, a
                  | potion of curing, a +0 robe; and the following spell
                  | memorised: Magic Dart; and the following spells available
                  | to memorise: Blink, Call Imp, Poisonous Vapours, Slow,
                  | Swiftness, Conjure Flame, Mephitic Cloud
     0 | D:1      | Reached XP level 1. HP: 18/18 MP: 2/2
   396 | D:1      | Reached skill level 1 in Maces & Flails
   437 | D:1      | Reached XP level 2. HP: 23/25 MP: 1/3
   467 | D:1      | Learned a level 2 spell: Blink
   481 | D:1      | You fall into a shaft and drop 1 floor!
  1466 | D:2      | Reached XP level 3. HP: 29/31 MP: 3/5
  1490 | D:2      | Learned a level 2 spell: Call Imp
  1491 | D:2      | Found a faded altar of an unknown god.
  2341 | D:2      | Found an opulent altar of Gozag.
  2355 | D:2      | Found an ancient bone altar of Kikubaaqudgha.
  2356 | D:2      | Found a hide-covered altar of Uskayaw.
  2358 | D:2      | Found a sacrificial altar of Ru.
  2359 | D:2      | Found a glowing silver altar of Zin.
  2360 | D:2      | Found a bloodstained altar of Trog.
  2363 | D:2      | Became a worshipper of Kikubaaqudgha
  2711 | D:3      | Reached XP level 4. HP: 10/39 MP: 3/6
  2934 | D:4      | Noticed Menkaure
  3451 | D:3      | Reached skill level 1 in Conjurations
  3451 | D:3      | Reached skill level 1 in Summonings
  3877 | D:3      | Reached XP level 5. HP: 16/45 MP: 2/7
  3888 | D:3      | Reached skill level 1 in Necromancy
  3989 | D:3      | Noticed Sigmund
  4253 | D:4      | Reached * piety under Kikubaaqudgha
  4253 | D:4      | Identified Kikubaaqudgha's Handbook of Evil Magic
                  | (Kikubaaqudgha gifted it to you on level 4 of the Dungeon)
  4253 | D:4      | Received a gift from Kikubaaqudgha
  4272 | D:4      | Learned a level 1 spell: Pain
  4276 | D:4      | Learned a level 3 spell: Vampiric Draining
  4490 | D:4      | Noticed an ogre
  4540 | D:5      | Entered Level 5 of the Dungeon
  4642 | D:5      | Found a burning altar of Makhleb.
  4820 | D:5      | Reached skill level 2 in Necromancy
  5040 | D:5      | Noticed Duvessa
  5083 | D:6      | Reached XP level 6. HP: 24/52 MP: 2/8
  5382 | D:6      | Noticed an orc warrior
  5452 | D:7      | Reached skill level 3 in Necromancy
  5682 | D:7      | Reached XP level 7. HP: 38/60 MP: 2/8
  5685 | D:7      | Reached skill level 4 in Necromancy
  5783 | D:5      | Identified the +0 leather armour "Omar" {rElec rCorr Int-2
                  | Stlth+}
  5947 | D:6      | Found Jigat's General Store.
  6299 | D:5      | Reached skill level 5 in Necromancy
  6446 | D:5      | Noticed Dowan
  6465 | D:5      | Killed Duvessa
  6493 | D:5      | Killed Dowan
  6494 | D:5      | Reached skill level 5 in Spellcasting
  6741 | D:5      | Reached skill level 6 in Necromancy
  6741 | D:5      | Reached XP level 8. HP: 31/67 MP: 1/9
  7278 | D:5      | Learned a level 2 spell: Poisonous Vapours
  7482 | D:4      | Identified the +5 shortbow "Dofeahaf" {vorpal, +Inv rPois}
  7920 | D:4      | Reached ** piety under Kikubaaqudgha
  8828 | D:6      | Reached skill level 1 in Staves
  8828 | D:6      | Reached skill level 7 in Necromancy
  9382 | D:6      | Noticed Eustachio
  9383 | D:6      | Upgraded the game from 0.27-a0-698-ga572aaf to
                  | 0.27-a0-702-g0b40708
  9462 | D:6      | Killed Eustachio
  9463 | D:6      | Reached skill level 1 in Evocations
  9568 | D:6      | Learned a level 2 spell: Corpse Rot
  9681 | D:6      | Gained mutation: You passively map the area around you.
                  | [Deep Dwarf growth]
  9681 | D:6      | Reached XP level 9. HP: 27/76 MP: 1/11
  9864 | D:6      | Reached skill level 1 in Armour
  9864 | D:6      | Reached skill level 1 in Dodging
  9922 | D:6      | Killed Pikel
 10096 | D:6      | Found a staircase to the Ecumenical Temple.
 10248 | D:7      | Identified the +7 plate armour of the Planets {rC+ Stlth+}
 10468 | D:7      | Reached skill level 1 in Poison Magic
 10809 | D:7      | Found Koesyck's Island Escapes.
 11007 | D:7      | Reached *** piety under Kikubaaqudgha
 11007 | D:7      | Identified Kikubaaqudgha's Reference Book on Darkness
                  | (Kikubaaqudgha gifted it to you on level 7 of the Dungeon)
 11007 | D:7      | Received a gift from Kikubaaqudgha
 11014 | D:7      | Learned a level 4 spell: Dispel Undead
 11279 | D:7      | Bought a scroll of teleportation for 39 gold pieces
 11787 | D:8      | Found a glowing golden altar of the Shining One.
 12257 | D:7      | Reached skill level 1 in Air Magic
 12440 | D:8      | Upgraded the game from 0.27-a0-702-g0b40708 to
                  | 0.27-a0-705-ga001394
 13154 | D:3      | Killed Sigmund
 13612 | D:4      | Killed Menkaure
 14368 | D:9      | Identified the +9 dagger of the Briny Deep {freeze, rN+}
 14919 | D:9      | Reached **** piety under Kikubaaqudgha
 15108 | D:9      | Reached XP level 10. HP: 85/85 MP: 8/13
 15370 | D:10     | Entered Level 10 of the Dungeon
 15926 | D:10     | Reached skill level 8 in Necromancy
 16865 | D:10     | Learned a level 2 spell: Sublimation of Blood
 17759 | D:11     | Noticed a cyclops
 18228 | D:10     | Learned a level 5 spell: Borgnjor's Vile Clutch
 18271 | D:11     | Reached skill level 5 in Evocations
 18443 | D:11     | Noticed a two-headed ogre
 19031 | D:11     | Noticed Maurice
 19044 | D:11     | Killed Maurice
 19160 | D:11     | Found a staircase to the Orcish Mines.
 19603 | D:11     | Reached ***** piety under Kikubaaqudgha
 20615 | D:11     | Found a staircase to the Lair.
 21067 | D:11     | Noticed a purple ugly thing
 21133 | D:12     | Noticed a cyclops
 21152 | D:12     | Killed a cyclops
 21153 | D:12     | Reached XP level 11. HP: 31/93 MP: 8/14
 21161 | D:12     | Noticed a brown ugly thing
 21187 | D:12     | Reached skill level 5 in Fighting
 21187 | D:12     | HP: 4/94 [acid (8)]
 21189 | D:12     | Killed a brown ugly thing
 21527 | D:12     | HP: 2/94 [slime creature (17)]
 21749 | D:12     | Killed a purple ugly thing
 21750 | D:12     | Reached skill level 5 in Armour
 21750 | D:12     | Reached skill level 9 in Necromancy
 21755 | D:12     | Killed an unseen horror
 21786 | D:12     | Slain by a cyclops

Illustrated notes

Levels and vault maps discovered:
D:1:      psy_arrival_dodecagon, layout_basic
D:2:      layout_loops_corners, minitemple, chequers_ecumenical_altar_island,
          serial_aquarium, aquarium_bridge_square [aquarium_subvault_window,
          aquarium_subvault_window, aquarium_subvault_balcony,
          aquarium_subvault_bridge], aquarium_bridge_straight
          [aquarium_subvault_bridge, aquarium_subvault_window,
          aquarium_subvault_bridge, aquarium_subvault_window],
          aquarium_window_1, aquarium_window_3, aquarium_window_1,
          aquarium_window_fake, aquarium_view_2b, aquarium_pool_1, st_stairs_7,
          item_on_display_b
D:3:      layout_basic, uniq_sigmund
D:4:      layout_cave_pods, uniq_menkaure
D:5:      kennysheep_kobold_camp, layout_loops_corners,
          makhleb_heckhound_becter, uniq_duvessa
D:6:      layout_gridville, lemuel_temple_firewalk_b, serial_shops, shop,
          uniq_pikel, uniq_eustachio
D:7:      layout_gridville, minmay_misc_feat_ornament, nicolae_island_escapes
D:8:      layout_basic, serial_curves, eino_curves_01, eino_curves_02,
          minivault_24, tso_altar
D:9:      layout_basic
D:10:     layout_grid_maze
D:11:     layout_loops_corners, minmay_lair_entry_grove, erik_orc_3,
          david_defended_altar_orc, uniq_maurice
D:12:     layout_loops_ring, uniq_psyche

Skill      XL: |  1  2  3  4  5  6  7  8  9 10 11 |
---------------+----------------------------------+-----
Maces & Flails | 1 2 3 |  3.8
Spellcasting   | 2 3 5 6 7 |  7.2
Fighting       | 2 3 4 5 |  5.3
Conjurations   | 1 |  1.2
Summonings     | 1 2 3 |  3.2
Necromancy     | 2 3 6 7 8 9 |  9.0
Staves         | 1 3 4 |  4.4
Evocations     | 2 4 5 |  5.3
Armour         | 2 4 5 |  5.2
Dodging        | 1 2 3 |  3.4
Poison Magic   | 1 |  1.1
Air Magic      | 1 |  1.0
Earth Magic    | 7 |  7.5
Shields        | 2 3 |  3.0
Stealth        | |  1.2
Unarmed Combat | |  1.7

Action                   |  1- 3 |  4- 6 |  7- 9 | 10-12 || total
-------------------------+-------+-------+-------+-------++-------
Melee: Club              |    42 |       |       |       ||    42
       Mace              |    73 |    64 |       |       ||   137
       Punch             |     1 |       |     1 |     2 ||     4
       Morningstar       |       |    61 |    65 |       ||   126
       Flail             |       |    16 |   118 |       ||   134
       Staff             |       |       |   140 |    91 ||   231
       Short sword       |       |       |     6 |       ||     6
       Whip              |       |       |     2 |   106 ||   108
 Cast: Magic Dart        |    65 |    34 |    10 |     3 ||   112
       Call Imp          |     3 |    16 |     8 |     1 ||    28
       Vampiric Draining |       |     9 |   133 |   127 ||   269
       Pain              |       |    12 |    26 |     8 ||    46
       Poisonous Vapours |       |       |     9 |       ||     9
       Dispel Undead     |       |       |     5 |     9 ||    14
       Borgnjor's Vile C |       |       |       |     9 ||     9
       Blink             |       |       |       |     1 ||     1
       Sublimation of Bl |       |       |       |     1 ||     1
 Abil: Heal Wounds       |     2 |     8 |     8 |    18 ||    36
Evoke: Wand              |       |       |       |     8 ||     8
  Use: Scroll            |       |     7 |     6 |     9 ||    22
       Potion            |       |     3 |     2 |       ||     5
 Stab: Distracted        |       |     1 |       |     1 ||     2
Armor: Robe              |    47 |    56 |   126 |    73 ||   302
Dodge: Dodged            |    83 |   170 |   227 |   166 ||   646
Block: Other             |       |    35 |   102 |    66 ||   203
       Reflection        |       |       |     2 |     4 ||     6

Table legend: (Time is in decaauts)
 A = Elapsed time spent in this place.
 B = Non-inter-level travel time spent in this place.
 C = Inter-level travel time spent in this place.
 D = Time resting spent in this place.
 E = Time spent auto-exploring this place.
 F = Levels seen in this place.
 G = Mean time per level.
                   A        B        C        D        E       F      G
               +--------+--------+--------+--------+--------+-----+--------+
         Total |  21947 |  20816 |   1131 |   7239 |   9286 |  12 | 1828.9 |
       Dungeon |  21947 |  20816 |   1131 |   7239 |   9286 |  12 | 1828.9 |
               +--------+--------+--------+--------+--------+-----+--------+

Top non-repeatable levels by time:
    D:10: 3310 daAuts
     D:5: 2703 daAuts
    D:11: 2393 daAuts
     D:4: 2286 daAuts
     D:3: 2005 daAuts
     D:6: 1795 daAuts
     D:7: 1777 daAuts
     D:8: 1496 daAuts
     D:2: 1461 daAuts
     D:9: 1052 daAuts
     D:1: 960 daAuts
    D:12: 703 daAuts
